AoeStats
← Abdusancak

Socotra

506365155Analyzed
2v2 RM · 20d ago on Sep 13, 2026· 48m 28s· 4 players
Game mode
Random Map
Map size
Tiny (2 player)
Population
200
Speed
Normal
Resources
Standard
Victory
Conquest
Starting age
Dark Age
Ending age
Imperial Age
RankedLock teamsTeams togetherTeam positionsShared explorationLock speedFull tech treeHidden civsTurbo modeCheats
Victory
Defeat
🇹🇷 Aztecs · Türkiye
671
+16
🇦🇺 Koreans · Australia
648
+17
698
-18
626
-15
Pochita
0:28 Loom
13:16 Feudal Age
17:20 Castle Age
16:29 Horse Collar
16:41 Double-Bit Axe
24:15 Wheelbarrow
25:32 Bow Saw
27:43 Thumb Ring
27:05 Crossbowman
31:46 Elite Skirmisher
33:34 Hand Cart
36:00 Imperial Age
35:47 Scale Mail Armor
35:58 Forging
36:37 Ballistics
36:59 Squires
38:58 Elite Fire Lancer
41:19 Chemistry
44:36 Chain Mail Armor
44:57 Iron Casting
44:12 Fletching
49:12 Plate Mail Armor
Abdusancak
5:29 Loom
12:00 Feudal Age
21:12 Castle Age
19:29 Arson
22:23 Crossbowman
24:18 Fletching
31:00 Bodkin Arrow
31:06 Padded Archer Armor
32:43 Scale Mail Armor
34:35 Ballistics
36:12 Leather Archer Armor
42:22 Imperial Age
39:47 Double-Bit Axe
39:45 Horse Collar
41:11 Gold Mining
41:42 Bow Saw
44:49 Arbalester
45:32 Bracer
46:33 Wheelbarrow
47:56 Chemistry
哈哈哈我不是数字名字
1:29 Loom
14:11 Feudal Age
17:25 Horse Collar
19:43 Town Watch
20:42 Fletching
23:34 Wheelbarrow
24:33 Forging
24:24 Scale Mail Armor
24:26 Padded Archer Armor
25:21 Gold Mining
25:24 Stone Mining
32:47 Castle Age
31:51 Man-at-Arms
33:40 Squires
33:33 Gambesons
33:10 Long Swordsman
34:14 Bodkin Arrow
34:56 Iron Casting
34:37 Chain Mail Armor
35:29 Gold Shaft Mining
37:03 Hand Cart
37:17 Elite Skirmisher
38:21 Leather Archer Armor
砍德沃.基尔邦硬.香达菲基
0:54 Loom
10:14 Feudal Age
10:44 Horse Collar
11:17 Double-Bit Axe
20:13 Castle Age
21:36 Heavy Plow
22:13 Bow Saw
23:27 Elite Skirmisher
25:33 Fletching
27:20 Wheelbarrow
26:58 Padded Archer Armor
31:16 Bodkin Arrow
31:34 Town Watch
32:05 Hand Cart
35:20 Imperial Age
32:58 Town Patrol
35:33 Leather Archer Armor
36:24 Conscription
35:58 Heavy Rocket Cart
36:08 Heavy Rocket Cart
40:23 Bracer
40:54 Ring Archer Armor
42:00 Ballistics
42:52 Two-Man Saw
42:07 Thumb Ring
41:51 Heavy Rocket Cart
45:46 Elite Fire Lancer
47:52 Squires
Connection lost

Rejoining the realm…

Still unreachable

The connection could not be restored.

Session expired

The server has moved on; the page needs a fresh start.